 Dungeon Crawl Stone Soup version 0.19.0-19-g8c6edcc (webtiles) character file.

78 Leybi the Sneak (level 4, 0/23 HPs)
             Began as a Vine Stalker Assassin on Nov 13, 2016.
             Slain by an orc
             ... wielding a +0 club
              (4 damage)
             ... on level 3 of the Dungeon.
             The game lasted 00:05:04 (1658 turns).

Leybi the Sneak (Vine Stalker Assassin)             Turns: 1658, Time: 00:05:05

Health: 0/23       AC:  4    Str: 13    XL:     4   Next: 36%
Magic:  0/5        EV: 13    Int: 11    God:
Gold:   66         SH:  0    Dex: 17    Spells: 0 memorised, 3 levels left

rFire  . . .     SeeInvis .     a - +2 dagger
rCold  . . .     Gourm    .     c - +0 robe
rNeg   . . .     Faith    .     (no shield)
rPois  .         Spirit   +     m - +0 helmet
rElec  .         Reflect  .     d - +0 cloak
rCorr  +         Harm     .     (no gloves)
MR     .....                    (no boots)
Stlth  ++++......               (no amulet)
                                t - ring of stealth
                                i - ring of resist corrosion

@: no status effects
A: fangs 2, regeneration 1, magic shield, antimagic bite, no device heal 3, rot
immunity
a: no special abilities


You were on level 3 of the Dungeon.
You were not hungry.

You visited 1 branch of the dungeon, and saw 3 of its levels.

You collected 66 gold pieces.

Inventory:

Hand Weapons
 a - a +2 dagger (weapon)
 b - a +0 blowgun
Missiles
 e - 8 poisoned needles
 f - 2 curare-tipped needles
 s - 8 needles of frenzy
Armour
 c - a +0 robe (worn)
 d - a +0 cloak (worn)
 m - a +0 helmet (worn)
 v - a +2 ring mail of fire resistance
Jewellery
 i - a ring of resist corrosion (left hand)
 t - a ring of stealth (right hand)
 w - an uncursed ring of flight {unknown}
Wands
 y - a wand of acid (7/15)
Scrolls
 j - a scroll of blinking {unknown}
 k - 3 scrolls of enchant weapon {unknown}
 l - a scroll of magic mapping {unknown}
 o - a scroll of identify {unknown}
 p - a scroll of enchant armour {unknown}
 r - 2 scrolls of fear {unknown}
Potions
 q - a potion of haste {unknown}
 x - 2 potions of heal wounds {unknown}
Comestibles
 g - 3 bread rations
 h - a meat ration
 u - 4 fruits


   Skills:
 - Level 1.7 Fighting
 + Level 2.9 Short Blades
 - Level 1.7 Throwing
 * Level 2.5 Dodging
 - Level 4.8 Stealth


You had 3 spell levels left.
You didn't know any spells.

Dungeon Overview and Level Annotations

Branches:
Dungeon (3/15)

Altars:
Makhleb


Innate Abilities, Weirdness & Mutations

You have extremely sharp teeth.
Your natural rate of healing is unusually fast.
When hurt, damage is shared between your health and your magic reserves.
Your bite disrupts and absorbs the magic of your enemies.
Potions and wands cannot restore your health.
You are immune to rotting.


Message History

The orc shouts!
You hit the orc priest.
The orc priest is heavily wounded.
You hear a shout!
The orc hits you with a club.
The orc priest calls down the wrath of Beogh upon you.
Beogh smites you!
You hit the orc priest. Your bite misses the orc priest.
The orc priest is severely wounded.
The orc hits you with a club.
* * * LOW HITPOINT WARNING * * *
The orc priest hits you with a hand axe.
* * * LOW HITPOINT WARNING * * *
Okay, then.
You hit the orc priest.
The orc priest is almost dead.
You closely miss the orc priest.
The orc priest is almost dead.
The orc hits you with a club.
You die...

... ## #.# ...
#..
.......#.##
.......#..#
.......#..##
.......'..o#
...oo..###o#
..o.... #@# #
.......###o#.#
........##.#.#
#######.....(#
#...#..# ..
#..#_#.# ....
##..#..#
######.....
#.....#
#..........
##.#..#
#..........


You could see an orc priest and 2 orcs.

Vanquished Creatures
  A hound (D:2)
  An ooze (D:2)
  3 worms
  2 dart slugs
  A leopard gecko (D:3)
  A bat (D:1)
  2 giant cockroaches (D:2)
  6 goblins
  2 hobgoblins
  2 quokkas (D:2)
  6 frilled lizards
  3 kobolds
  4 rats
34 creatures vanquished.

Notes
Turn   | Place    | Note
-------+----------+-------------------------------------------
     0 | D:1      | Leybi the Vine Stalker Assassin began the quest for the Orb.
     0 | D:1      | Reached XP level 1. HP: 11/11 MP: 2/2
    54 | D:1      | Reached skill level 1 in Dodging
   374 | D:1      | Reached XP level 2. HP: 15/15 MP: 3/3
  1102 | D:2      | Found a burning altar of Makhleb.
  1109 | D:2      | Reached XP level 3. HP: 18/18 MP: 4/4
  1237 | D:2      | Gained mutation: Your natural rate of healing is unusually fast. [Vine Stalker growth]
  1237 | D:2      | Reached XP level 4. HP: 20/23 MP: 5/5
  1625 | D:3      | Found a faded altar of an unknown god.
  1658 | D:3      | Slain by an orc

Skill      XL: |  1  2 |
---------------+-------+-----
Dodging        | 1 2 |  2.5
Short Blades   | 2 |  2.9
Fighting       | |  1.7
Throwing       | |  1.7
Stealth        | |  4.8

Action                   |  1- 3 |  4- 6 || total
-------------------------+-------+-------++-------
Melee: Dagger            |    51 |    37 ||    88
       Bite              |    13 |    11 ||    24
 Stab: Sleeping          |     7 |     3 ||    10
       Distracted        |       |     1 ||     1
  Eat: Chunk             |     1 |     1 ||     2
Armor: Robe              |     2 |     8 ||    10
Dodge: Dodged            |    16 |     9 ||    25
